 Dungeon Crawl Stone Soup version 0.30-a0-1163-gf69bf04e7a (webtiles) character file.

Game seed: 6165932696012585861

2 Esekla the Sneak (level 1, 16/16 HPs)
             Began as an Octopode Delver on Apr 29, 2023.
             Quit the game on level 5 of the Dungeon.
             The game lasted 00:00:35 (60 turns).

Esekla the Sneak (Octopode Delver)                    Turns: 60, Time: 00:00:35

Health: 16/16      AC:  1    Str: 11    XL:     1   Next: 30%
Magic:  1/1        EV: 13    Int: 12    God:
Gold:   79         SH:  0    Dex: 13    Spells: 0/0 levels left

rFire   . . .        a - +0 falchion
rCold   . . .        (no shield)
rNeg    . . .        (helmet restricted)
rPois   .            (no amulet)
rElec   .            (no ring)
rCorr   .            (no ring)
SInv    .            (no ring)
Will    .....        (no ring)
Stlth   ++++         (no ring)
HPRegen 0.22/turn    (no ring)
MPRegen 0.07/turn    (no ring)
                     (no ring)

%: no passive effects
@: no status effects
A: almost no armour, amphibious, 8 rings, camouflage 1, gelatinous body 1,
(nimble swimmer 1), tentacles
a: no special abilities


You were on level 5 of the Dungeon.
You visited 1 branch of the dungeon, and saw 1 of its levels.

You collected 79 gold pieces.

Inventory:

Hand Weapons
 a - a +0 falchion (weapon)
Wands
 f - a wand of digging (3)
Scrolls
 b - a scroll of fog
 d - a scroll of fear
 g - a scroll of noise {unknown}
Potions
 e - a potion of haste


   Skills:
 * Level 3.0 Fighting
 * Level 2.0 Long Blades
 * Level 2.0 Dodging
 + Level 6.6 Stealth


You couldn't memorise any spells.
You didn't know any spells.
Your spell library was empty.

Dungeon Overview and Level Annotations

Branches:
Dungeon (5/15)
 Temple: D:4-7

Altars:


Innate Abilities, Weirdness & Mutations

You cannot wear most types of armour.
You are amphibious.
You can wear up to eight rings at the same time.
Your skin changes colour to match your surroundings (Stealth+).
Your rubbery body absorbs attacks. (AC +1, EV +1)
((You are camouflaged when in or above water. (Stealth+)))
You have tentacles for arms and can constrict up to eight enemies at once.


Message History

Welcome, Esekla the Octopode Delver.
Will you be the one to retrieve the breathtaking Orb of Zot from the depths?
Press ? for a list of commands and other information.
Found a scroll labelled FATTASTRAWUA and 43 gold pieces.
Found a stone staircase leading down and two stone staircases leading up.
g - a scroll labelled FATTASTRAWUA
Found a stone staircase leading down.
You now have 8 gold pieces.
An iguana comes into view.
Found 20 gold pieces.
Found 16 gold pieces.
An orc comes into view. It is wielding a +0 club.
The orc shouts!
You see here 12 gold pieces.
You slash the orc!
You kill the orc!
You now have 24 gold pieces (gained 16).
You see here a +0 club.
You now have 40 gold pieces (gained 16).
You see here a +0 club.
You now have 52 gold pieces (gained 12).
You now have 62 gold pieces (gained 10).
You now have 75 gold pieces (gained 13).
You now have 79 gold pieces (gained 4).
As you read the scroll of magic mapping, it crumbles to dust.
You feel aware of your surroundings.
Are you sure you want to abandon this character and quit the game? (Confirm with "yes".)

***** **,,,** ****
**,,.,,***,,,
#######.....,,**,**
#.@.........,,,,,,,
#.#####.....,,**,*,
#.##......,,,***,,,
##.##.##.#,,,** **,,
#........#**** *,*
#........# *,,
#.###.#.##*#********
#.##..#.##...,,,,**,
#.##.........,,,,**,


There were no monsters in sight!

Vanquished Creatures
  An orc (D:5)
1 creature vanquished.

Notes
Turn   | Place    | Note
-------+----------+-------------------------------------------
     0 | D:5      | Esekla the Octopode Delver began the quest for the Orb.
     0 | D:5      | Reached XP level 1. HP: 16/16 MP: 1/1
    10 | D:5      | Noticed an iguana
    60 | D:5      | Quit the game

Illustrated notes

Levels and vault maps discovered:
D:5:      layout_loops_cross, dreamdust_wishing_well,
          hangedman_abyss_or_decor_slice, minmay_between

Action                     || total
---------------------------++-------
  Melee: Falchion          ||     1
    Use: Scroll            ||     1

Table legend: (Time is in decaauts)
 A = Elapsed time spent in this place.
 B = Non-inter-level travel time spent in this place.
 C = Inter-level travel time spent in this place.
 D = Time resting spent in this place.
 E = Time spent auto-exploring this place.
 F = Levels seen in this place.
 G = Mean time per level.
                   A        B        C        D        E       F      G
               +--------+--------+--------+--------+--------+-----+--------+
         Total |     60 |     60 |      0 |      0 |      0 |   1 |   60.0 |
       Dungeon |     60 |     60 |      0 |      0 |      0 |   1 |   60.0 |
               +--------+--------+--------+--------+--------+-----+--------+

Top non-repeatable levels by time:
     D:5: 60 daAuts
